 Dungeon Crawl Stone Soup version 0.27-a0-1416-g941b2bd30b (webtiles) character file.

Game seed: 1722369880938112184

1298 wesbby the Grappler (level 8, 0/75 HPs)
             Began as a Troll Berserker on July 1, 2021.
             Was a Priest of Trog.
             Slain by a gnoll (4 damage)
             ... on level 7 of the Dungeon.
             The game lasted 00:08:39 (3916 turns).

wesbby the Grappler (Troll Berserker)               Turns: 3916, Time: 00:08:40

Health: 0/75       AC:  4    Str: 28    XL:     8   Next: 31%
Magic:  7/7        EV: 10    Int:  3    God:    Trog [***...]
Gold:   238        SH:  0    Dex:  9    Spells: 7/7 levels left

rFire    . . .     SeeInvis .     - Unarmed
rCold    . . .     Faith    .   (no shield)
rNeg     . . .     Spirit   .   c - +0 robe
rPois    .         Reflect  .   (helmet restricted)
rElec    .         Harm     .   (no cloak)
rCorr    .         Rampage  .   (gloves unavailable)
Will     .....                  (boots unavailable)
Stlth    +.........             (no amulet)
HPRegen  1.22/turn              (no ring)
MPRegen  0.10/turn              (no ring)

@: no status effects
A: large, unfitting armour, claws 3, regeneration 1, shaggy fur 1, tough skin 1
a: Renounce Religion, Berserk, Trog's Hand


You were on level 7 of the Dungeon.
You worshipped Trog.
Trog was most pleased with you.
You visited 1 branch of the dungeon, and saw 7 of its levels.

You collected 238 gold pieces.

Inventory:

Hand Weapons
 h - a +1 flail of venom
Armour
 a - a +0 animal skin
 c - a +0 robe (worn)
Jewellery
 m - a +6 ring of dexterity
Wands
 o - a wand of flame (10)
Scrolls
 d - a scroll of enchant weapon
 f - a scroll of enchant armour {unknown}
 n - a scroll of teleportation {unknown}
 q - a scroll of magic mapping {unknown}
Potions
 b - 3 potions of degeneration
 e - a potion of attraction
 j - a potion of curing
 p - a potion of heal wounds {unknown}


   Skills:
 + Level 3.1 Fighting
 + Level 3.9 Dodging
 + Level 1.1 Stealth
 * Level 9.3 Unarmed Combat


You had 7 spell levels left.
You didn't know any spells.
Your spell library was empty.

Dungeon Overview and Level Annotations

Branches:
Dungeon (7/15)
 Temple: D:4-7

Altars:
Fedhas
Nemelex Xobeh

Shops:
D:5 (

Annotations:
D:4 Eustachio
D:6 Blork the orc
D:7 Harold


Innate Abilities, Weirdness & Mutations

You are too large for most types of armour.
You have claws for hands.
Your natural rate of healing is unusually fast.
You are covered in fur. (AC +1)
You have tough skin. (AC +1)


Message History

Harold hits you with a +0 long sword! The gnoll closely misses you.
You feel better. Harold hits you with a +0 long sword!
* * * LOW HITPOINT WARNING * * *
The gnoll hits you from afar with a +0 spear.
* * * LOW HITPOINT WARNING * * *
You fade into invisibility!
Harold closely misses you. The gnoll misses you.
You are very lightly contaminated with residual magic.
Harold fires a harpoon shot at something.
The harpoon shot misses you.
You flicker for a moment.
Items here: )) [[ †.
Harold yells, "I don't have all day!"
Harold throws a throwing net.
The throwing net barely misses you.
Harold throws a throwing net.
The throwing net barely misses you.
You flicker back into view.
Harold fires a harpoon shot at you. The harpoon shot misses you.
Harold throws a throwing net.
The throwing net hits you.
You become entangled in the net!
You see here a throwing net.
You struggle against the net.
You struggle against the net.
Harold fires a harpoon shot at you. The harpoon shot hits you!
You are yanked forward by the harpoon shot.
The gnoll barely misses you. The gnoll hits you with a +0 spear.
The gnoll misses you.
The gnoll hits you from afar with a +0 spear.
Your magical contamination has completely faded away.
The gnoll closely misses you. Harold fires a harpoon shot at you.
The harpoon shot hits you!!
* * * LOW HITPOINT WARNING * * *
You are yanked forward by the harpoon shot.
The gnoll hits you from afar with a +0 spear.
* * * LOW HITPOINT WARNING * * *
The gnoll barely misses you.
The gnoll hits you from afar with a +0 spear.
You die...

.# #####.<.....# ##.#
#......####.# ##:.#
#.###.## ###...# #.# #.#
##.....# #.# #.#
###......# #.# #.#
#.......^# ##.###.#
.....#...####.g.##.#####
.....##....)..@.@(......
.....##...###gg.######.#
......#..#.....##
..........######
###......##
##..#..#######
#####........ .#####
#......##
......##..###.#


You could see Harold (inner flame) and 3 gnolls.

Vanquished Creatures
  A water moccasin (D:5)
  An ogre (D:5)
  6 necrophages (D:4)
  A scorpion (D:5)
  2 water moccasin zombies (D:5)
  A water moccasin skeleton (D:3)
  A howler monkey (D:4)
  A jelly (D:5)
  A gnoll shaman (D:7)
  An iguana (D:2)
  Natasha (twice) (D:4)
  2 orc wizards (D:7)
  A gnoll (D:5)
  6 adders
  An ufetubus (D:5)
  An adder skeleton (D:4)
  A worm (D:3)
  2 dart slugs
  6 orcs
  5 bats
  6 endoplasms
  A giant cockroach (D:4)
  5 goblins
  5 hobgoblins
  3 jackals (D:2)
  9 kobolds
  6 quokkas
  9 ball pythons
  2 frilled lizards
  4 rats
  A bush (D:4)
94 creatures vanquished.

Vanquished Creatures (others)
  11 plants (D:4)
11 creatures vanquished.

Grand Total: 105 creatures vanquished

Notes
Turn   | Place    | Note
-------+----------+-------------------------------------------
     0 | D:1      | wesbby the Troll Berserker began the quest for the Orb.
     0 | D:1      | Reached XP level 1. HP: 22/22 MP: 0/0
   316 | D:1      | Reached XP level 2. HP: 29/29 MP: 1/1
   572 | D:2      | Reached XP level 3. HP: 36/36 MP: 2/2
   627 | D:2      | Reached skill level 4 in Unarmed Combat
   630 | D:2      | Reached ** piety under Trog
  1029 | D:2      | Reached XP level 4. HP: 44/44 MP: 3/3
  1514 | D:3      | Found a sparkling altar of Nemelex Xobeh.
  1692 | D:3      | Reached skill level 5 in Unarmed Combat
  1692 | D:3      | Reached XP level 5. HP: 39/50 MP: 4/4
  2357 | D:4      | Reached *** piety under Trog
  2534 | D:4      | Found a blossoming altar of Fedhas.
  2563 | D:4      | Noticed Natasha
  2575 | D:4      | Killed Natasha
  2737 | D:4      | Noticed Eustachio
  2834 | D:4      | Noticed Natasha
  2839 | D:4      | Killed Natasha
  2840 | D:4      | Reached skill level 6 in Unarmed Combat
  2840 | D:4      | Reached XP level 6. HP: 52/59 MP: 5/5
  3131 | D:4      | Reached skill level 7 in Unarmed Combat
  3131 | D:4      | Reached XP level 7. HP: 66/66 MP: 6/6
  3451 | D:5      | Entered Level 5 of the Dungeon
  3466 | D:5      | Found Seatowk's Weapon Boutique.
  3548 | D:5      | Reached skill level 8 in Unarmed Combat
  3648 | D:5      | Reached skill level 1 in Stealth
  3648 | D:5      | Reached XP level 8. HP: 74/75 MP: 7/7
  3690 | D:5      | Reached skill level 9 in Unarmed Combat
  3799 | D:6      | Noticed Blork the orc
  3879 | D:7      | Noticed Harold
  3915 | D:7      | HP: 3/75 [gnoll (6)]
  3916 | D:7      | Slain by a gnoll

Illustrated notes

Levels and vault maps discovered:
D:1:      heliophobic_arrival_battle_scene, layout_rooms
D:2:      layout_basic
D:3:      layout_loops_corners, nemelex_diamond_rough_becter,
          lemuel_old_faithful
D:4:      layout_basic, fedhas_altar_decomposition, small_statue_alley_b,
          uniq_crazy_yiuf_cottage, uniq_natasha, uniq_eustachio
D:5:      layout_cave_pools, kennysheep_windowed_goal
D:6:      minmay_chambers_of_threes, layout_rooms, lemuel_round_altar,
          minmay_temple_entry_mist, uniq_blork_the_orc
D:7:      minmay_flawed_box, layout_loops_ring, uniq_harold

Skill      XL: |  1  2  3  4  5  6  7  8 |
---------------+-------------------------+-----
Unarmed Combat | 4 5 6 7 8 9 |  9.3
Dodging        | 3 |  3.9
Fighting       | 3 |  3.1
Stealth        | 1 |  1.1

Action                   |  1- 3 |  4- 6 |  7- 9 || total
-------------------------+-------+-------+-------++-------
Melee: Unarmed           |    86 |   111 |    59 ||   256
       Punch             |     2 |     4 |     3 ||     9
  Use: Scroll            |     1 |     5 |     3 ||     9
       Potion            |     1 |       |     2 ||     3
 Stab: Sleeping          |       |     1 |       ||     1
Armor: Robe              |    33 |    37 |    27 ||    97
       Animal skin       |     4 |       |       ||     4
Dodge: Dodged            |    51 |    46 |    62 ||   159

Table legend: (Time is in decaauts)
 A = Elapsed time spent in this place.
 B = Non-inter-level travel time spent in this place.
 C = Inter-level travel time spent in this place.
 D = Time resting spent in this place.
 E = Time spent auto-exploring this place.
 F = Levels seen in this place.
 G = Mean time per level.
                   A        B        C        D        E       F      G
               +--------+--------+--------+--------+--------+-----+--------+
         Total |   3898 |   3185 |    713 |      0 |   2431 |   7 |  556.9 |
       Dungeon |   3898 |   3185 |    713 |      0 |   2431 |   7 |  556.9 |
               +--------+--------+--------+--------+--------+-----+--------+

Top non-repeatable levels by time:
     D:4: 1094 daAuts
     D:3: 992 daAuts
     D:2: 816 daAuts
     D:1: 555 daAuts
     D:5: 303 daAuts
     D:7: 113 daAuts
     D:6: 21 daAuts
